[Event "*** Titled Tuesday Blitz"]
[Site "Chess.com"]
[Date "2018.11.06"]
[Round "6"]
[White "Ar4uha"]
[Black "FairChess_on_YouTube"]
[Result "1-0"]
[WhiteElo "2621"]
[BlackElo "2904"]
[TimeControl "180+2"]
[EndTime "14:23:26 PST"]
[Termination "Ar4uha won by resignation"]

1. e4 c5 2. Nf3 e6 3. c3 Nf6 4. e5 Nd5 5. g3 d6 6. exd6 Bxd6 7.
Bg2 e5 8. O-O O-O 9. d3 Nc6 10.
Nbd2 Bc7 11. Re1 h6 12. a3 b6 13. Nc4 Re8 14. Qc2 Bf5 15. Nh4 Be6 16. b4 b5 17.
Ne3 cxb4 18. axb4 Bb6 19. Nxd5 Bxd5 20. Be4 Rc8 21. Qe2 Ne7 22. Bd2 Bxe4 23. dxe4 Rc4 24. Red1 Qa8 25. Be3 Qxe4 26. Qf3 Qxf3 27. Nxf3 Bxe3 28.
fxe3 Rxc3 29. Rxa7 Rxe3 30. Kf2 Re4 31. Rdd7 Kf8 32. Rab7 f6 33. Nh4 Rxh4 34. gxh4 Nf5 35. Rxb5 Nxh4 36. Rc5 e4 37. b5 e3+ 38. Ke2 Ng2 39.
Rc1 Nf4+ 40. Kf3 g5 41. b6 e2 42. b7 Ne6 43. Rh7 Kg8 44. Re7 Nd4+ 45. Kf2 Rxe7 46. b8=Q+ Kf7 47. Qd6 Nf5 48. Qd5+ Kg6 49. Re1 Re5 50.
Qg8+ Kh5 51. Rxe2 Rxe2+ 52. Kxe2 Kh4 53. Qg6 Kg4 54. Kf2 Kf4 55. h3 Ke5 56. Qe8+ Kf4 57. Qe6 h5 58. Qxf6 g4 59. hxg4 hxg4 60. Kg2 g3 61. Kh3 Ke4 62. Kg4 Nd4 63. Qf4+ Kd3 64. Qxg3+ Ke4 65. Qf4+ Kd5 66. Qe3 Nc6 67. Kf5 Nd4+ 68.
Kf6 Nc6 69. Qe6+ Kc5 70. Qd7 Nd4 71. Ke5 Nb5 72. Qc8+ Kb6 73. Kd5 Nc7+ 74. Kc4 Kc6 75. Qd8 Kb6 76. Qd6+ Kb7 77. Kc5 Na6+ 78. Kb5 Nb8 79.
Qe7+ Kc8 80. Kb6 Nd7+ 81. Kc6 Nb8+ 82. Kd6 Na6 83. Qa7 1-0

[Event "*** Titled Tuesday Blitz"]
[Site "Chess.com"]
[Date "2018.11.06"]
[Round "6"]
[White "kuli4ik"]
[Black "mishanick"]
[Result "0-1"]
[WhiteElo "2793"]
[BlackElo "2934"]
[TimeControl "180+2"]
[EndTime "14:23:35 PST"]
[Termination "mishanick won by resignation"]

1. Nf3 d5 2. d4 Nf6 3. Bf4 c5 4. dxc5 e6 5. e3 Bxc5 6. Be2 O-O 7. O-O b6 8. c4 Bb7 9. Nc3 dxc4 10. Bxc4 h6 11. Qe2 Nc6 12. a3 Qe7 13. Rfd1 Rfd8 14. Ba6 Nh5 15. Bg3 Nxg3 16. hxg3 Qc7 17. Rac1 Be7 18.
Bxb7 Qxb7 19. Qc4 Na5 20. Qe4 Bf6 21. Qxb7 Nxb7 22. Nd4 Bxd4 23. exd4 Nd6 24. Kf1 Rac8 25. Ne2 Nc4 26. Rb1 Rd7 27. Ke1 Kf8 28. Rdc1 Rdc7 29. Rc3 Ke7 30. a4 Kd6 31. b3 Na5 32. Rxc7 Rxc7 33. Kd2 Rc8 34. Kd3 Nc6 35. b4 Ne7 36. b5 Nd5 37. Rb3 h5 38. Rb1 g5 39.
Rb3 f5 40. Rb1 Rc7 41. Rb3 h4 42. gxh4 gxh4 43. Rb1 Rg7 44. Rg1 Rg8 45. Kd2 f4 46. f3 e5 47. Kd3 Ne3 48. Ke4 exd4 49. Nxf4 Nc2 50. Kd3 Rc8 51. Ne2 Ke5 52. Rb1 Kd5 53.
Nf4+ Ke5 54. Ng6+ Kd5 55. Nxh4 Rc3+ 56. Kd2 Ne3 57. Ng6 Nc4+ 58. Ke2 d3+ 59. Kf2 Kd4 60. Nf4 Rc2+ 61. Kg3 Kc3 62. Nd5+ Kd4 63. Nf4 d2 64. Rd1 Kc3 65. Kf2 Nb2 66. Ne2+ Kb4 67. Rxd2 Rxd2 68.
Ke3 Nc4+ 69. Kf2 Kxa4 70. g4 Kxb5 71. g5 a5 72. g6 a4 73. g7 Rd8 74. Nd4+ Ka6 75. Ne6 Rg8 76. f4 a3 77. f5 a2 78. f6 a1=Q 79. f7 Qf6+ 0-1

[Event "*** Titled Tuesday Blitz"]
[Site "Chess.com"]
[Date "2018.11.06"]
[Round "6"]
[White "pulvettd"]
[Black "MikaelyanArman"]
[Result "0-1"]
[WhiteElo "2518"]
[BlackElo "2731"]
[TimeControl "180+2"]
[EndTime "14:23:35 PST"]
[Termination "MikaelyanArman won by checkmate"]

1. d4 Nf6 2. c4 g6 3. Nc3 Bg7 4. e4 O-O 5. h3 c5 6. d5 e6 7. Nf3 exd5 8. exd5 Re8+ 9. Be3 d6 10. Bd3 Nbd7 11.
O-O Nh5 12. Qd2 Ne5 13. Nxe5 Bxe5 14. Rae1 Bd7 15. Be2 Qh4 16. Bg5 Bf4 17. Bxf4 Nxf4 18.
Bf3 Qg5 19. Kh2 Nxh3 20. Re3 Rxe3 21. fxe3 Qe5+ 22. Kh1 Ng5 23. e4 Re8 24. Qf2 h5 25. Qh4 Nxf3 26. gxf3 Kg7 27. f4 Qf6 28. Qh2 Bg4 29. e5 Qf5 30. exd6 Re3 31. Qf2 Bf3+ 32. Kh2 Qxf4+ 33. Qg3 Qxg3+ 34. Kxg3 Bg4+ 35. Kf4 Re8 36. Ne4 b6 37. d7 Bxd7 38. Nd6 Re2 39. Kg3 f5 40.
Kf3 Rxb2 41. Re1 Kf6 42. Ne8+ Bxe8 43. Rxe8 Rxa2 44. Ke3 Ra3+ 45. Ke2 Ra2+ 46. Ke3 Ra1 47. Ke2 f4 48. d6 f3+ 49. Ke3 Re1+ 50. Kxf3 Rxe8 51.
d7 Rd8 52. Ke4 Ke7 53. Kf3 a6 54. Ke3 a5 55. Ke2 h4 56. Kf2 a4 57. Kf1 a3 58.
Ke1 h3 59. Ke2 h2 60. Ke3 h1=B 61. Kd3 a2 62. Kd2 a1=B 63. Kc2 g5 64. Kb3 g4 65. Ka4 b5+ 66. Kxb5 g3 67. Ka6 g2 68. Ka7 g1=B 69. Ka6 Kxd7 70. Kb5 Rb8+ 71. Ka4 Bc3 72. Ka3 Bgd4 73.
Ka2 Be4 74. Ka3 Bc2 75. Ka2 Ra8# 0-1

[Event "*** Titled Tuesday Blitz"]
[Site "Chess.com"]
[Date "2018.11.06"]
[Round "6"]
[White "TigranLPetrosyan"]
[Black "VladDobrov"]
[Result "1-0"]
[WhiteElo "2823"]
[BlackElo "2725"]
[TimeControl "180+2"]
[EndTime "14:23:40 PST"]
[Termination "TigranLPetrosyan won by resignation"]

1. Nf3 g6 2. g3 Bg7 3. Bg2 c5 4. O-O Nc6 5. c4 d6 6. Nc3 Qd7 7. e3 Bxc3 8. bxc3 b6 9. d3 Bb7 10.
e4 O-O-O 11. Nd2 e5 12. Nb3 f5 13. a4 Nf6 14. exf5 gxf5 15. Bg5 Qg7 16. Bh4 Kc7 17.
a5 Rb8 18. axb6+ axb6 19. Qf3 Qg6 20. Rfb1 Nd7 21. d4 Nxd4 22. Nxd4 Bxf3 23. Nb5+ Kc8 24. Bxf3 e4 25. Bg2 Re8 26. Bh3 Re6 27. Rd1 Ne5 28. Kh1 Ng4 29. Bxg4 Qxg4 30. Nxd6+ Kc7 31. Nb5+ Kc6 32. Na7+ Kc7 33. Nb5+ Kc6 34. Bd8 Rb7 35. Bg5 e3 36. Bxe3 Qxc4 37. Na7+ Rxa7 38. Rxa7 Qe4+ 39.
Kg1 Rd6 40. Rxd6+ Kxd6 41. Rxh7 Kd5 42. Rh4 Qf3 43. c4+ Kc6 44. Rf4 Qh5 45. Kg2 b5 46.
cxb5+ Kxb5 47. h3 c4 48. g4 fxg4 49. hxg4 Qg6 50. Rf5+ Kb4 51. Kg3 c3 52. Kf4 c2 53.
g5 Qd6+ 54. Re5 Qd3 55. Re4+ Kb5 56. g6 Qxe3+ 57. Rxe3 c1=Q 58. g7 Qc8 59. Re5+ Kc4 60. Rg5 Qg8 61. Ke5 Kc5 62. f4 Kc6 63. Kf6 Kd7 64. Re5 Qh7 65. Kf7 Kd6 66. Re6+ Kd5 67. Rf6 Ke4 68. Kf8 Qh4 69. Re6+ Kd5 70. g8=Q Qd8+ 71.
Re8+ 1-0

[Event "*** Titled Tuesday Blitz"]
[Site "Chess.com"]
[Date "2018.11.06"]
[Round "6"]
[White "Supernotar"]
[Black "Zq1"]
[Result "0-1"]
[WhiteElo "2364"]
[BlackElo "2496"]
[TimeControl "180+2"]
[EndTime "14:23:57 PST"]
[Termination "Zq1 won by checkmate"]

1. d4 Nf6 2. c4 a6 3. Nc3 c5 4.
e3 g6 5. Nf3 cxd4 6. Nxd4 Bg7 7. Be2 O-O 8. O-O d5 9. b3 dxc4 10. Bxc4 b5 11. Be2 Bb7 12. Bb2 Nc6 13. Bf3 Rc8 14.
Nxc6 Bxc6 15. Bxc6 Rxc6 16. Qxd8 Rxd8 17. Rfd1 Rdc8 18.
Rac1 Ne4 19. Nxe4 Bxb2 20. Rxc6 Rxc6 21. g4 Kg7 22. Kg2 Ba3 23. Rd2 Bb4 24. Rd4 Ba3 25.
Rd2 h6 26. Kf3 f5 27. gxf5 gxf5 28. Ng3 Kf6 29. Ne2 e5 30. e4 Bb4 31. Rd8 fxe4+ 32. Ke3 Rc2 33. Ng3 Bc5+ 34. Kxe4 Rxf2 35. Rc8 Bd4 36. Kd5 Rxh2 37. Rc6+ Kg5 38. Rxa6 h5 39. Ne4+ Kf4 40. a4 bxa4 41. bxa4 h4 42. Rf6+ Ke3 43. a5 Ra2 44. Ng5 Rxa5+ 45. Kc4 e4 46. Rg6 Rc5+ 47. Kb4 Rf5 48. Kc4 Rf6 49. Rg8 Rc6+ 50. Kb3 Kd3 51. Nxe4 Rb6+ 52. Ka4 Kxe4 53. Rg4+ Kd3 54. Rxh4 Kc4 55.
Ka5 Rb5+ 56. Ka6 Rb6+ 57. Ka5 Rb7 58. Rh6 Ra7+ 59. Ra6 Rg7 60. Re6 Bc5 61. Re4+ Bd4 62. Re6 Rb7 63. Rg6 Rb5+ 64. Ka6 Rd5 65. Kb7 Kb5 66. Rg2 Bc5 67. Rb2+ Bb4 68. Kc7 Re5 69. Rg2 Re7+ 70. Kd8 Rh7 71. Rg6 Bc5 72. Ke8 Kc4 73. Rg5 Bd6 74. Rf5 Re7+ 75. Kd8 Kd4 76. Rh5 Rg7 77. Ke8 Re7+ 78. Kd8 Rb7 79. Kc8 Ra7 80. Kd8 Be5 81. Ke8 Kd5 82. Rh6 Ke4 83. Rh5 Rg7 84.
Kf8 Rd7 85. Ke8 Rb7 86. Kf8 Kd5 87. Rh6 Bg7+ 88. Kg8 Bxh6 89. Kh8 Ke6 90. Kg8 Kf6 91. Kh8 Kg6 92. Kg8 Rb8# 0-1

[Event "*** Titled Tuesday Blitz"]
[Site "Chess.com"]
[Date "2018.11.06"]
[Round "6"]
[White "Sordis"]
[Black "andrzej"]
[Result "1/2-1/2"]
[WhiteElo "2288"]
[BlackElo "2242"]
[TimeControl "180+2"]
[EndTime "14:24:05 PST"]
[Termination "Game drawn - insufficient material"]

1. c4 Nf6 2. g3 e6 3. Bg2 d5 4. Nf3 dxc4 5. Qa4+ Nbd7 6. Qxc4 a6 7.
Qc2 c5 8. O-O b5 9. a4 Bb7 10. b3 Rc8 11. axb5 axb5 12. Bb2 Be7 13. d3 O-O 14. Nbd2 Qb6 15. Rfc1 Rfe8 16. Qd1 Nd5 17. d4 cxd4 18. Bxd4 Bc5 19. Ne4 Bxd4 20. Qxd4 Rxc1+ 21. Rxc1 Rc8 22. Rxc8+ Bxc8 23. Qxb6 N7xb6 24. Nd6 Ba6 25. e3 b4 26. Nd2 Kf8 27. N6e4 Nc3 28. Nc5 Bb5 29. Bf1 Bxf1 30. Kxf1 Ke7 31. Nd3 Nd7 32. Nxb4 Nc5 33. Nc2 Nd3 34. h4 Nd1 35. f3 f5 36. Ke2 N1b2 37. Nd4 Kd6 38. Nb5+ Kc5 39. Nc3 Nc1+ 40. Kf1 Kb4 41. Ne2 Nxb3 42. Nxb3 Kxb3 43. Nd4+ Kc4 44. Nxe6 g6 45. Ke2 Kd5 46.
Nf8 Nc4 47. Nxh7 Ne5 48. Ng5 Kd6 49. e4 fxe4 50. Nxe4+ Ke6 51. Ke3 Kf5 52. Nd6+ Ke6 53. Nb5 Nc4+ 54. Kf2 Ne5 55. Nd4+ Kf6 56. g4 Nd3+ 57.
Kg3 Nc5 58. f4 Ne4+ 59. Kf3 Nd2+ 60. Ke3 Nf1+ 61. Ke4 Nh2 62. g5+ Kg7 63. f5 gxf5+ 64. Nxf5+ Kg6 65. Ng3 Ng4 66. Kf4 Nf2 67. h5+ Kh7 68. Kf5 Nh3 69. Kf6 Nf4 70. g6+ Kg8 71. h6 Nd5+ 72. Kg5 Ne7 73. Nh5 Kh8 74. g7+ Kg8 75. Nf6+ Kf7 76. g8=Q+ Nxg8 77. h7 Nxf6 78. h8=Q Ne4+ 79. Kf4 Nf6 80. Kf5 Nd7 81. Qh7+ Ke8 82.
Ke6 Nf8+ 83. Kd6 Nxh7 1/2-1/2

[Event "*** Titled Tuesday Blitz"]
[Site "Chess.com"]
[Date "2018.11.06"]
[Round "6"]
[White "wadsy27"]
[Black "wonderfultime"]
[Result "1/2-1/2"]
[WhiteElo "2360"]
[BlackElo "2790"]
[TimeControl "180+2"]
[EndTime "14:24:07 PST"]
[Termination "Game drawn by stalemate"]

1. c4 c6 2. Nf3 Nf6 3. g3 d5 4.
Bg2 Bg4 5. Ne5 Be6 6. cxd5 Bxd5 7. Nf3 c5 8. O-O e6 9. Nc3 Bc6 10. Re1 Be7 11. e4 O-O 12. d4 cxd4 13. Nxd4 Nfd7 14. Nxc6 Nxc6 15. Be3 Nde5 16. Qe2 Qd3 17. Red1 Qxe2 18. Nxe2 Nc4 19. Bd4 Rfd8 20. Bc3 Bc5 21. Nf4 N4e5 22. h3 Kf8 23. Bf1 a6 24. Rac1 Bb6 25. Kg2 Ke7 26. a3 f6 27. Nd3 Nxd3 28. Bxd3 Rd7 29. Be2 Rad8 30. Rxd7+ Rxd7 31. Rd1 Bd4 32. Bxd4 Nxd4 33. Bc4 b5 34. Ba2 g5 35. f4 gxf4 36. gxf4 a5 37. e5 fxe5 38. fxe5 Nc6 39. Rxd7+ Kxd7 40. Bb1 h6 41. Bd3 b4 42. Bb5 Kc7 43. axb4 axb4 44.
Bc4 Nxe5 45. Bxe6 Nd3 46. Kg3 Nxb2 47. Kg4 Kd6 48. Bb3 Nd3 49. Kh5 Nf4+ 50. Kxh6 Nxh3 51.
Kh5 Kc5 52. Kg4 Ng1 53. Kg3 Kd4 54. Kf2 Nh3+ 55. Ke2 Kc3 56. Bg8 Nf4+ 57. Kd1 Nd3 58. Bf7 Kb2 59. Kd2 Ne5 60. Be6 Nf3+ 61. Kd3 Ka3 62.
Bg8 Kb2 63. Kc4 Ka3 64. Kd3 Ne5+ 65. Kc2 Nc6 66. Kb1 Ne7 67. Be6 Ng6 68. Bf7 Nf4 69.
Bg8 Ka4 70. Bf7 Kb5 71. Bg8 Kc5 72. Bf7 Kd4 73. Kb2 Nd3+ 74. Kb3 Kc5 75. Bg8 Ne5 76.
Be6 Nc6 77. Bg8 Nd4+ 78. Kb2 Nb5 79. Bf7 Nd6 80. Bg8 Kb5 81. Be6 Nc4+ 82. Bxc4+ Kxc4 83. Kc2 b3+ 84. Kb2 Kb4 85. Kb1 Kc4 86. Kb2 Kb4 87. Kb1 Ka3 88. Ka1 b2+ 89. Kb1 Kb3 1/2-1/2

[Event "*** Titled Tuesday Blitz"]
[Site "Chess.com"]
[Date "2018.11.06"]
[Round "6"]
[White "woodhy"]
[Black "JSMastropiero"]
[Result "1/2-1/2"]
[WhiteElo "2420"]
[BlackElo "2310"]
[TimeControl "180+2"]
[EndTime "14:24:35 PST"]
[Termination "Game drawn - insufficient material"]

1. e4 c5 2. Nf3 g6 3. d4 cxd4 4. Nxd4 Nc6 5. c4 Bg7 6. Be3 Nf6 7. Nc3 O-O 8. Be2 d6 9. f3 Bd7 10. O-O Nxd4 11. Bxd4 a5 12. Qd2 Bc6 13. Rad1 a4 14.
Qe3 Nd7 15. Bxg7 Kxg7 16. f4 Qb6 17. Qxb6 Nxb6 18. e5 dxe5 19. fxe5 e6 20. Rd6 Nd7 21. Bf3 Nxe5 22. Bxc6 bxc6 23. c5 Rfb8 24. Rf2 Ra5 25.
Ne4 Rb4 26. Nf6 Rxc5 27. h3 h5 28. Rd8 Rd5 29. Rg8+ Kh6 30. Rh8+ Kg5 31. Nh7+ Kh4 32. Kh2 Rd3 33. Rd8 Nf3+ 34. Rxf3 Rxf3 35. gxf3 Rxb2+ 36. Kg1 Kg3 37. Kf1 Rxa2 38. Ng5 f5 39. Nxe6 Rf2+ 40. Ke1 a3 41. Ra8 a2 42. Nd4 Rh2 43.
Nb3 Rb2 44. Nc1 Rb1 45. Rxa2 Rxc1+ 46. Ke2 Rh1 47. Ra6 Kxh3 48. Rxc6 Rh2+ 49. Ke3 Rg2 50. Kf4 h4 51. Rc8 Ra2 52. Rh8 Ra4+ 53. Kg5 Kg3 54. Kxg6 f4 55. Kg5 h3 56. Kf5 Ra5+ 57. Ke4 h2 58. Rg8+ Kf2 59. Rh8 Ra4+ 60. Kf5 Kg2 61. Rg8+ Kf1 62. Rh8 Kg1 63. Rg8+ Kh1 64. Rg7 Ra2 65. Kxf4 Rg2 66. Ra7 Kg1 67. Ra1+ Kf2 68. Rh1 Ke2 69. Ra1 Kf2 70. Rh1 Ke2 71. Ra1 Kd3 72. Rd1+ Kc2 73. Ra1 Kd3 74. Rd1+ Kc2 75. Ra1 Kb3 76. Rh1 Kc3 77. Ke3 Kc2 78. f4 Kc3 79. Kf3 Ra2 80. Ke3 Kc4 81. Ke4 Re2+ 82. Kf3 Ra2 83. Ke4 Re2+ 84. Kf5 Kd4 85. Kg4 Rg2+ 86.
Kf3 Ra2 87. Kg3 Ke4 88. Kg4 Rg2+ 89. Kh3 Rf2 90. Rxh2 Rxh2+ 91. Kxh2 Kxf4 1/2-1/2

[Event "*** Titled Tuesday Blitz"]
[Site "Chess.com"]
[Date "2018.11.06"]
[Round "6"]
[White "gemarin"]
[Black "aquaticpineapples"]
[Result "1-0"]
[WhiteElo "2079"]
[BlackElo "2009"]
[TimeControl "180+2"]
[EndTime "14:24:40 PST"]
[Termination "gemarin won by checkmate"]

1. d4 d5 2. c4 e6 3. Nc3 Nf6 4. Nf3 Be7 5. Bg5 O-O 6. e3 b6 7. Rc1 Bb7 8. Bxf6 Bxf6 9. cxd5 exd5 10. b4 Be7 11. Qb3 a5 12. b5 Qd6 13. Be2 Qb4 14.
O-O Qxb3 15. axb3 Nd7 16. Na4 Rac8 17. Rc2 Bd6 18. Nd2 f5 19. Rfc1 f4 20. exf4 Rxf4 21. Nf3 Re4 22. Bd3 Re7 23. Bf5 Rf8 24. Bh3 Nf6 25. Ne5 Ne4 26. Nc6 Ree8 27. f3 Ng5 28. Bd7 Re3 29. h4 Nf7 30. Rc3 Rxc3 31. Rxc3 Nh6 32.
Be6+ Kh8 33. Bxd5 Nf5 34. h5 Bxc6 35. Bxc6 Nxd4 36. Rc4 Ne2+ 37. Kf2 Nf4 38. g4 Nd3+ 39. Ke2 Ne5 40. Re4 Nxc6 41. bxc6 h6 42. Nb2 Kg8 43. Nc4 Bc5 44. f4 Rd8 45. f5 Kf7 46. Ne5+ Kf6 47.
Nd7+ Kg5 48. Kf3 Bd6 49. Re6 Kh4 50. Rxd6 cxd6 51. Nxb6 Rb8 52. c7 Rxb6 53. c8=Q Rxb3+ 54. Ke4 Rb4+ 55. Kd5 Rxg4 56. Qe8 Rg5 57. Ke6 Kg4 58.
Qa4+ Kxh5 59. Qxa5 Kg4 60. Qa4+ Kh5 61. Qf4 g6 62. f6 Rf5 63. Qxf5+ gxf5 64. f7 f4 65. f8=Q Kg4 66. Qf5+ Kg3 67. Qg6+ Kf2 68. Kd5 f3 69. Ke4 d5+ 70. Kd3 Ke1 71. Qe6+ Kf1 72.
Qh3+ Kf2 73. Qh1 h5 74. Qxh5 Kg2 75. Qg4+ Kf2 76. Qh3 d4 77. Ke4 d3 78. Qxf3+ Ke1 79. Qxd3 Kf2 80. Qe3+ Kg2 81. Qf3+ Kg1 82. Qe2 Kh1 83.
Kf3 Kg1 84. Qg2# 1-0

[Event "*** Titled Tuesday Blitz"]
[Site "Chess.com"]
[Date "2018.11.06"]
[Round "6"]
[White "BillForster"]
[Black "m3alam"]
[Result "0-1"]
[WhiteElo "1696"]
[BlackElo "2123"]
[TimeControl "180+2"]
[EndTime "14:25:00 PST"]
[Termination "m3alam won by resignation"]

1. d4 Nf6 2. c4 g6 3. Nc3 Bg7 4. e4 O-O 5. Nf3 c5 6. d5 e6 7. Bd3 exd5 8. cxd5 Re8 9. O-O d6 10. h3 c4 11. Bc2 b5 12. Nxb5 Nxe4 13. Rb1 Ba6 14.
Nbd4 c3 15. Bxe4 Rxe4 16. Re1 Rxe1+ 17. Qxe1 Bd3 18. Ra1 cxb2 19. Bxb2 Qb6 20. Bc3 Nd7 21. Qd2 Be4 22. Nb3 Bxc3 23. Qxc3 Bxd5 24. Rd1 Bxb3 25.
axb3 Rb8 26. Nd4 Ne5 27. Re1 Qc5 28. Qxc5 dxc5 29. Rxe5 cxd4 30. Rd5 Rb4 31. Kf1 Kg7 32. Ke2 Kf6 33. Kd3 Rxb3+ 34. Kxd4 Rb2 35. Ke3 Ra2 36. Rd7 h5 37. Rb7 Ke6 38. g3 f5 39.
h4 Kd6 40. Rg7 Ke5 41. Rxg6 Ra3+ 42. Ke2 Ra2+ 43. Ke3 a5 44. Ra6 Ra3+ 45. Ke2 f4 46. gxf4+ Kxf4 47. Rf6+ Kg4 48. Rb6 Kxh4 49. Rb5 Kg4 50.
Rc5 Ra2+ 51. Ke3 h4 52. Rc4+ Kh3 53. Kf3 Ra3+ 54. Kf4 Kg2 55. Rc2 Ra4+ 56. Kg5 h3 57. f4+ Kg1 58. Rc1+ Kg2 59. Rc2+ Kg3 60. Rc3+ Kg2 61.
Rc2+ Kf1 62. Rc1+ Ke2 63. Rc2+ Kd3 64. Rh2 Ke4 65. Rxh3 Ra1 66. Rb3 Rg1+ 67. Kf6 Kxf4 68. Ke6 Rg5 69. Kd6 Ke4 70. Kc6 Kd4 71. Ra3 Kc4 72. Kb6 Kb4 73. Ra1 a4 74. Ka6 a3 75. Rb1+ Kc3 76. Rf1 Kb2 77. Rf2+ Kb3 78. Rf3+ Kb4 79. Rf4+ Kc5 80. Rf2 Rg4 81. Ka5 Rc4 82.
Ra2 Rc3 83. Ka6 Kb4 84. Kb6 Kb3 85. Rh2 a2 86. Rh1 Kb2 0-1

[Event "*** Titled Tuesday Blitz"]
[Site "Chess.com"]
[Date "2018.11.06"]
[Round "6"]
[White "vugarrasulov"]
[Black "OparinGrigoriy"]
[Result "0-1"]
[WhiteElo "2790"]
[BlackElo "2935"]
[TimeControl "180+2"]
[EndTime "14:25:12 PST"]
[Termination "OparinGrigoriy won by resignation"]

1. d4 Nf6 2. Nf3 e6 3. c4 b6 4. a3 Bb7 5. Nc3 d5 6. cxd5 Nxd5 7. Qc2 Be7 8. e4 Nxc3 9. bxc3 O-O 10. Bd3 c5 11. O-O Qc7 12. Bb2 Nc6 13. d5 c4 14. Bxc4 Na5 15. Bd3 Rac8 16. Nd4 Bf6 17. Nb5 Qb8 18. d6 Be5 19. c4 Bxd6 20. Nxd6 Qxd6 21. Rac1 e5 22. Rfd1 Rfd8 23. Bf1 Qc5 24. Rxd8+ Rxd8 25. Rd1 Nc6 26. Rd5 Qe7 27. Qd2 Nd4 28.
Qb4 Qf6 29. Rxd8+ Qxd8 30. f3 Qg5 31. Qc3 h5 32. Bc1 Qg6 33. Kf2 Qd6 34. Be3 Bc8 35. Qb4 Qc5 36. Qxc5 bxc5 37. f4 exf4 38. Bxf4 Bb7 39.
Bd3 f6 40. Bd6 Ne6 41. Ke3 Kf7 42. g3 g5 43. e5 Bc6 44. Be4 Bxe4 45. Kxe4 g4 46.
exf6 Kxf6 47. Be5+ Ke7 48. Kf5 Kf7 49. Bd6 Nd4+ 50.
Kg5 Nf3+ 51. Kxh5 Nxh2 52. Bxc5 a6 53. Kg5 Ke6 54. Kf4 Kd7 55. Bg1 Nf3 56. Be3 Nh2 57.
Ke4 Kc6 58. Bf4 Nf3 59. Kf5 Nh2 60. Be3 Kd6 61. a4 Kc6 62. Bf2 Kd6 63. Ke4 Kc6 64.
Kd4 Nf3+ 65. Kc3 Ne5 66. Be3 Nd7 67. Bf4 Nc5 68. a5 Nb7 69. Kb4 Nc5 70. Bb8 Ne4 71. Be5 Nc5 72. Bc3 Nd3+ 73. Kb3 Kc5 74. Bd2 Kd4 75. Bg5 Kc5 76. Kc3 Ne5 77. Be3+ Kc6 78. Bd4 Nf3 79. Kd3 Ng5 80. Ke3 Ne6 81. Bf6 Nc5 82.
Kf4 Nb3 83. Bd8 Nd2 84. Kxg4 Nxc4 85. Kf4 Nd6 86. g4 Kd5 87. g5 Nf7 88. g6 Nxd8 89. Kf5 Ne6 90. Kf6 Kd6 91. Kf7 Ng5+ 92. Kf6 Ne6 93. Kf7 Kd7 94. Kf6 Nf4 95. g7 Nh5+ 96.
Kg6 Nxg7 97. Kxg7 Kc6 98. Kf6 Kb5 99. Ke5 Kxa5 100. Ke4 Kb4 101. Kd3 Kb3 102. Kd2 Kb2 103. Kd3 a5 0-1

[Event "*** Titled Tuesday Blitz"]
[Site "Chess.com"]
[Date "2018.11.06"]
[Round "6"]
[White "KenanGarayev"]
[Black "PaulfromSPb"]
[Result "1/2-1/2"]
[WhiteElo "2746"]
[BlackElo "2525"]
[TimeControl "180+2"]
[EndTime "14:27:23 PST"]
[Termination "Game drawn by 50-move rule"]

1. d4 Nf6 2. c4 e6 3. Nc3 Bb4 4. Nf3 O-O 5. Bg5 c5 6. e3 Qa5 7.
Bxf6 Bxc3+ 8. bxc3 Qxc3+ 9. Nd2 gxf6 10. Rb1 cxd4 11. Rb3 Qa5 12. Rb5 Qd8 13. Rh5 f5 14. g4 dxe3 15. fxe3 Qf6 16. Bd3 d6 17. gxf5 exf5 18.
Rg1+ Kh8 19. Rgg5 Nc6 20. Qg4 Ne5 21. Rxh7+ Kxh7 22. Rh5+ Qh6 23. Bxf5+ Bxf5 24. Qxf5+ Ng6 25. Nf3 Rae8 26. Rxh6+ Kxh6 27. Qg5+ Kg7 28. h4 f6 29.
Qg3 Rh8 30. Nd4 Re5 31. Qg2 Rxh4 32. Kd1 Kh6 33. Nf3 Rxc4 34. Nxe5 Nxe5 35. Qxb7 a5 36. Qd5 a4 37. Qxd6 Kg6 38. Qe6 Kg5 39. Qg8+ Kf5 40. Qh7+ Ke6 41. e4 Rd4+ 42. Kc2 Rc4+ 43. Kb2 Kd6 44. Qf5 Ke7 45. Ka3 Kf7 46. Qh7+ Ke6 47. Qb7 Kd6 48. Qd5+ Ke7 49. Qg8 Kd6 50. Qd8+ Ke6 51. Qd5+ Ke7 52. Kb2 Kf8 53. Qa5 Kf7 54. Qd8 Ke6 55. Qe8+ Kd6 56. Qf8+ Ke6 57. Ka3 Rxe4 58.
Qc8+ Kd5 59. Qf5 Re3+ 60. Kxa4 Re2 61. a3 Re3 62. Qxf6 Nc4 63. Qf5+ Kd4 64. Qg4+ Kc5 65.
Qg5+ Kd4 66. Qg7+ Kc5 67. Qc7+ Kd4 68. Qa7+ Kd5 69. Kb4 Nxa3 70. Qf7+ Kd4 71. Qf5 Rd3 72. Qg4+ Ke3 73. Qg2 Kd4 74. Qf2+ Re3 75. Qf6+ Ke4 76. Kc5 Rd3 77. Qh4+ Ke3 78. Qh2 Rc3+ 79. Kb4 Rd3 80. Qg2 Kd4 81. Qb2+ Ke3 82. Qh2 Kd4 83. Qf4+ Kd5 84.
Qf5+ Kd4 85. Qe6 Nc2+ 86. Kb5 Kc3 87. Qe5+ Kb3 88. Qe6+ Kc3 89. Qc4+ Kd2 90. Qf4+ Kc3 91. Qc1 Rd5+ 92. Kc6 Rd3 93. Kc5 Kb3 94. Qb1+ Kc3 95. Qb8 Ne3 96. Qh8+ Kc2 97. Kb4 Nd5+ 98. Kc4 Ne3+ 99.
Kc5 Rc3+ 100. Kd4 Rd3+ 101. Ke4 Rc3 102. Qh2+ Kb3 103. Qb8+ Kc2 104. Kd4 Rd3+ 105. Ke4 Rc3 106. Qb5 Kd2 107. Kd4 Nc2+ 108. Ke4 Re3+ 109. Kf4 Rf3+ 110. Kg4 Re3 111. Qb2 Rd3 112. Kf4 Rd4+ 113. Kf3 Rd3+ 114. Kf2 Rc3 115. Qb8 Rd3 116. Qf4+ Kc3 117. Qf6+ Nd4 118. Qe5 Kd2 119. Qe4 Rf3+ 120. Kg2 Rd3 121. Qf4+ Kc3 122. Qc1+ Nc2 123. Kf2 Rd2+ 124. Kf3 Rd3+ 125. Ke4 Rd4+ 126. Ke5 Rd3 127. Qb1 1/2-1/2

[Event "*** Titled Tuesday Blitz"]
[Site "Chess.com"]
[Date "2018.11.06"]
[Round "6"]
[White "AlexTriapishko"]
[Black "Korchmar_Vasiliy"]
[Result "1/2-1/2"]
[WhiteElo "2765"]
[BlackElo "2703"]
[TimeControl "180+2"]
[EndTime "14:27:46 PST"]
[Termination "Game drawn by 50-move rule"]

1. e4 c5 2. Nf3 d6 3. d4 cxd4 4. Nxd4 Nf6 5. Nc3 Nc6 6. Bg5 e6 7. Qd2 a6 8. O-O-O h6 9. Be3 Be7 10. f3 Nxd4 11. Bxd4 b5 12. Kb1 b4 13. Ne2 e5 14. Bf2 Be6 15. Qxb4 O-O 16. Qb6 Qd7 17.
b3 a5 18. Nc3 Rfb8 19. Qe3 a4 20. Rd2 axb3 21. cxb3 Bxb3 22. axb3 Rxb3+ 23. Rb2 Rxb2+ 24. Kxb2 d5 25. Bb5 Qd6 26. Qc5 Qxc5 27. Bxc5 Bxc5 28. exd5 Rb8 29. Kc2 Nxd5 30. Nxd5 Rxb5 31. Rb1 Ra5 32. g4 Ra3 33. Rb3 Ra2+ 34. Rb2 Ra1 35. Kd3 g6 36. h4 Kg7 37. Rd2 f5 38. gxf5 gxf5 39. Rg2+ Kf7 40. h5 Ra3+ 41. Kc4 Bf8 42. Rg6 Rxf3 43.
Rf6+ Kg8 44. Rg6+ Bg7 45. Kc5 e4 46. Kd6 e3 47. Ke7 e2 48. Nf6+ Kh8 49. Kf7 e1=Q 50. Rxg7 Qe6+ 51. Kxe6 Kxg7 52. Ne8+ Kf8 53. Nd6 f4 54.
Ke5 Rf1 55. Nf5 f3 56. Kf4 f2 57. Kf3 Rh1 58. Kxf2 Rxh5 59. Ng3 Ra5 60. Kf3 Kg7 61. Ne2 Kg6 62. Nf4+ Kf5 63. Ng2 Ra3+ 64. Kf2 h5 65.
Ne3+ Kf4 66. Nd5+ Ke4 67. Nf6+ Kf4 68. Nxh5+ Kg4 69. Nf6+ Kf4 70. Nd5+ Ke4 71. Nf6+ Kf5 72. Nd5 Ke4 73. Nf6+ Kf4 74. Nd5+ Kg4 75. Ne3+ Kf4 76. Ng2+ Ke4 77. Ne1 Ra2+ 78. Kf1 Ke3 79. Ng2+ Kf3 80. Ne1+ Kg3 81. Nd3 Rd2 82. Ne1 Rb2 83. Nd3 Ra2 84.
Ne1 Rd2 85. Kg1 Rd1 86. Kf1 Rd2 87. Kg1 Rd7 88. Kf1 Rd2 89. Kg1 Rf2 90. Nd3 Re2 91. Kf1 Kf3 92. Ne1+ Ke3 93. Ng2+ Kd2 94. Nf4 Rh2 95.
Kg1 Rh4 96. Ng2 Rh7 97. Kf2 Rf7+ 98. Kg3 Ke2 99. Nf4+ Ke3 100. Ng2+ Ke4 101. Ne1 Rg7+ 102. Kf2 Ra7 103. Ng2 Ra3 104. Ne1 Ra2+ 105. Kg3 Re2 106. Ng2 Kf5 107. Kf3 Ra2 108. Ne3+ Ke5 109. Ng4+ Kf5 110. Ne3+ Kg5 111. Ke4 Ra4+ 112. Kf3 Rb4 113. Ng2 Rb3+ 114. Ke4 Kf6 115. Ne3 Rb4+ 116. Kd5 Rh4 117. Nc4 Ke7 118. Ne5 Rh5 119. Ke4 Ke6 120. Nd3 Rh4+ 121. Ke3 Kf5 122. Nc5 Rc4 123. Nd3 Ra4 124. Nc5 Rb4 125. Nd3 Re4+ 126. Kf3 Re8 127. Nf2 Ra8 128. Nd3 Ra3 129. Ke3 Kg5 130. Ke4 Kg4 131. Kd4 Ra4+ 132. Ke3 Ra1 133. Ke4 Rb1 134. Ke3 Kg3 135. Ke4 Rb8 136. Ke3 Re8+ 137. Kd4 Kf3 138. Ne5+ Kf4 139. Nd3+ Kf5 140. Kd5 Rd8+ 141. Kc4 Ke4 142. Nc5+ Ke5 1/2-1/2

[Event "*** Titled Tuesday Blitz"]
[Site "Chess.com"]
[Date "2018.11.06"]
[Round "7"]
[White "SimonKnightRivendell"]
[Black "Perecke"]
[Result "0-1"]
[WhiteElo "1960"]
[BlackElo "1988"]
[TimeControl "180+2"]
[EndTime "14:30:34 PST"]
[Termination "Perecke won by resignation"]

1. d4 d5 2. Nf3 Nf6 3. e3 Bg4 4. c4 c6 5. Nc3 e6 6. Be2 Bd6 7. O-O O-O 8. b3 Nbd7 9. Bb2 Re8 10. Rc1 Rc8 11. cxd5 cxd5 12. Qd2 Qe7 13. Nb5 Bb8 14.
Rxc8 Rxc8 15. Rc1 Qe8 16. Ba3 a6 17. Nd6 Bxd6 18. Bxd6 Ne4 19. Rxc8 Qxc8 20. Qb4 Qc1+ 21. Bf1 Bxf3 22. gxf3 Nd2 0-1

[Event "*** Titled Tuesday Blitz"]
[Site "Chess.com"]
[Date "2018.11.06"]
[Round "7"]
[White "tactics321"]
[Black "hypert"]
[Result "0-1"]
[WhiteElo "2378"]
[BlackElo "2383"]
[TimeControl "180+2"]
[EndTime "14:30:51 PST"]
[Termination "hypert won by checkmate"]

1. e4 c5 2. Nf3 Nc6 3. d4 cxd4 4. Nxd4 Nf6 5. Nc3 d6 6. f3 e5 7. Nb3 Be6 8. Nd5 Bxd5 9. exd5 Nb4 10. Bb5+ Nd7 11.
O-O Qb6+ 12. Kh1 Qxb5 13. f4 Qxd5 14. Qe2 Nc6 15. f5 Nc5 16. c4 Qd3 17. Qg4 Qxf1# 0-1

[Event "*** Titled Tuesday Blitz"]
[Site "Chess.com"]
[Date "2018.11.06"]
[Round "7"]
[White "GukeshDommaraju"]
[Black "olksuna"]
[Result "1-0"]
[WhiteElo "2674"]
[BlackElo "2548"]
[TimeControl "180+2"]
[EndTime "14:31:07 PST"]
[Termination "GukeshDommaraju won by checkmate"]

1. Nf3 c5 2. c4 Nc6 3. Nc3 g6 4. e3 Nf6 5. d4 cxd4 6. exd4 d5 7.
cxd5 Nxd5 8. Qb3 Nxc3 9. Bc4 e6 10. bxc3 Na5 11. Bb5+ Bd7 12. Qa4 b6 13. Ne5 Bxb5 14.
Qxb5+ Ke7 15. Ba3+ Kf6 16. Nd7+ Qxd7 17. Qe5# 1-0